 Dungeon Crawl Stone Soup version 0.29-a0-243-g602b31c20e (webtiles) character file.

Game seed: 4994586903655891544

46 siradein the Caller (level 3, -1/31 HPs)
             Began as a Troll Summoner on Mar 4, 2022.
             Slain by Robin
             ... wielding a +0 spear of venom
              (4 damage)
             ... on level 2 of the Dungeon.
             The game lasted 00:01:45 (907 turns).

siradein the Caller (Troll Summoner)                 Turns: 907, Time: 00:01:47

Health: -1/31      AC:  4    Str: 16    XL:     3   Next: 44%
Magic:  2/4        EV: 10    Int: 13    God:
Gold:   45         SH:  0    Dex: 10    Spells: 2/5 levels left

rFire   . . .      SeeInvis .     - Unarmed
rCold   . . .      Faith    .   (no shield)
rNeg    . . .      Spirit   .   a - +0 robe
rPois   .          Reflect  .   (helmet restricted)
rElec   .          Harm     .   (no cloak)
rCorr   .          Rampage  .   (gloves unavailable)
Will    .....                   (boots unavailable)
Stlth   +.........              g - amulet of regeneration
HPRegen 1.70/turn               (no ring)
MPRegen 0.09/turn               (no ring)

@: lethally poisoned (-1 -> -2)
A: large, unfitting armour, claws 3, regeneration 1, shaggy fur 1, tough skin 1
a: no special abilities


You were on level 2 of the Dungeon.
You visited 1 branch of the dungeon, and saw 2 of its levels.

You collected 45 gold pieces.

Inventory:

Armour
 a - a +0 robe (worn)
Jewellery
 g - an amulet of regeneration (around neck)
Scrolls
 b - 2 scrolls of identify {unknown}
 c - 2 scrolls of enchant armour {unknown}
 d - a scroll of teleportation {unknown}
 e - a scroll of enchant weapon {unknown}
 f - a scroll of blinking {unknown}


   Skills:
 + Level 2.1 Dodging
 - Level 1.0 Stealth
 + Level 1.3 Unarmed Combat
 + Level 1.6 Spellcasting
 + Level 3.2 Summonings


You had 2 spell levels left.
You knew the following spells:

 Your Spells              Type           Power      Damage    Failure   Level
a - Summon Small Mammal   Summ           36%        N/A       7%          1
b - Call Imp              Summ           9%         N/A       11%         2

Your spell library contained the following spells:

 Spells                   Type           Power      Damage    Failure   Level
 Sting                    Tmut/Pois      4%         1d3       26%         1
 Poisonous Vapours        Pois/Air       2%         N/A       38%         2
 Call Canine Familiar     Summ           9%         N/A       22%         3
 Summon Guardian Golem    Hex/Summ       5%         N/A       38%         3
 Summon Lightning Spire   Summ/Air       5%         N/A       80%         4
 Olgreb's Toxic Radiance  Pois           1%         N/A       95%         4


Dungeon Overview and Level Annotations

Branches:
Dungeon (2/15)

Altars:

Annotations:
D:2 Robin


Innate Abilities, Weirdness & Mutations

You are too large for most types of armour.
You have claws for hands.
Your natural rate of healing is unusually fast.
You are covered in fur. (AC +1)
You have tough skin. (AC +1)


Message History

You claw the giant cockroach!
You kill the giant cockroach!
Your white imp gestures at the goblin.
The puff of frost hits the goblin!
The goblin dies!
Robin closely misses you. The goblin hits you with a +0 club.
You claw the goblin!
You kill the goblin!
Robin hits you from afar with a +0 spear of venom.
You are poisoned.
The hobgoblin hits your white imp.
Unknown command.
You swap places.
You feel very sick.
Robin hits you with a +0 spear of venom.
You are more poisoned.
You completely miss Robin.
Robin is lightly wounded.
You feel very sick.
Robin roars a battlecry!
The goblins go into a battle-frenzy!
The hobgoblin hits you. The kobold closely misses you.
You hear a shout!
You are too injured to fight recklessly!
You are too injured to fight recklessly!
Unknown command.
You feel very sick.
Your white imp hits the hobgoblin but does no damage.
A kobold comes into view. It is wielding a +0 dagger.
Robin hits you from afar with a +0 spear of venom.
The hobgoblin hits you.
* * * LOW HITPOINT WARNING * * *
You swap places.
* * * LOW HITPOINT WARNING * * *
You feel very sick.
Your white imp gestures at the hobgoblin.
The puff of frost hits the hobgoblin!
The hobgoblin dies!
Robin hits you from afar with a +0 spear of venom.
You die...

# ####.
.....##########.
.........)......
#.5@)#
######g.K.#
.......gg##
#######.g.##.#
##g......#
#.†##....# ##.##
#...# ####..#
#..#
######....## ..#


You could see Robin, 3 hobgoblins, a goblin (strong), a kobold and a friendly
white imp (summoned).

Vanquished Creatures
  A dart slug (D:1)
  3 ball pythons
  2 endoplasms (D:1)
  2 giant cockroaches
  10 goblins
  5 hobgoblins
  4 quokkas (D:1)
  2 bats (D:1)
  A frilled lizard (D:1)
  4 kobolds (D:1)
  4 rats (D:1)
38 creatures vanquished.

Vanquished Creatures (collateral kills)
  A hobgoblin (D:2)
  A goblin (D:2)
2 creatures vanquished.

Grand Total: 40 creatures vanquished

Notes
Turn   | Place    | Note
-------+----------+-------------------------------------------
     0 | D:1      | siradein the Troll Summoner began the quest for the Orb.
     0 | D:1      | Reached XP level 1. HP: 16/16 MP: 1/1
    88 | D:1      | Reached skill level 3 in Summonings
   233 | D:1      | Reached XP level 2. HP: 24/24 MP: 3/3
   326 | D:1      | Learned a level 2 spell: Call Imp
   355 | D:1      | Reached skill level 1 in Unarmed Combat
   451 | D:1      | Reached XP level 3. HP: 31/31 MP: 4/4
   839 | D:2      | Noticed Robin
   907 | D:2      | Slain by Robin

Illustrated notes

Levels and vault maps discovered:
D:1:      minmay_arrival_arboretum_small, layout_loops_ring,
          grunt_decor_fettered, minmay_tetromino_t2
D:2:      layout_rooms, minivault_27, uniq_sigmund, uniq_robin

Skill      XL: |  1  2 |
---------------+-------+-----
Summonings     | 3 |  3.2
Unarmed Combat | 1 |  1.3
Dodging        | 2 |  2.1
Stealth        | |  1.0
Spellcasting   | |  1.6

Action                   || total
-------------------------++-------
Melee: Unarmed           ||   108
       Punch             ||     2
 Cast: Call Imp          ||     2
Armor: Robe              ||    43
Dodge: Dodged            ||    68

Table legend: (Time is in decaauts)
 A = Elapsed time spent in this place.
 B = Non-inter-level travel time spent in this place.
 C = Inter-level travel time spent in this place.
 D = Time resting spent in this place.
 E = Time spent auto-exploring this place.
 F = Levels seen in this place.
 G = Mean time per level.
                   A        B        C        D        E       F      G
               +--------+--------+--------+--------+--------+-----+--------+
         Total |    906 |    826 |     80 |     15 |    579 |   2 |  453.0 |
       Dungeon |    906 |    826 |     80 |     15 |    579 |   2 |  453.0 |
               +--------+--------+--------+--------+--------+-----+--------+

Top non-repeatable levels by time:
     D:1: 858 daAuts
     D:2: 48 daAuts
